 Dungeon Crawl Stone Soup version 0.30.1-6-gbe392663c4 (webtiles) character file.

Game seed: 6041556255336688111

89 Kurtz the Chopper (level 4, -4/26 (28) HPs)
             Began as a Tengu Fighter on Sept 20, 2023.
             Slain by a gnoll
             ... wielding a +0 club
              (5 damage)
             ... on level 3 of the Dungeon.
             The game lasted 00:00:57 (1438 turns).

Kurtz the Chopper (Tengu Fighter)                   Turns: 1438, Time: 00:00:58

HP:   -4/26 (28)    AC:  6    Str: 19    XL:     4   Next: 55%
MP:   5/5           EV:  9    Int:  8    God:
Gold: 116           SH:  4    Dex: 13    Spells: 3/3 levels left

rFire   . . .        a - +0 war axe
rCold   . . .        c - +0 buckler
rNeg    . . .        b - +0 scale mail
rPois   .            (helmet restricted)
rElec   .            (no cloak)
rCorr   .            (no gloves)
SInv    .            (boots unavailable)
Will    .....        (no amulet) Stlth
                     (no ring)
HPRegen 0.24/turn    (no ring)
MPRegen 0.09/turn

%: no passive effects
@: lethally poisoned (-4 -> -13), drained
A: beak, talons 3
a: no special abilities


You were on level 3 of the Dungeon.
You visited 1 branch of the dungeon, and saw 3 of its levels.

You collected 116 gold pieces.

Inventory:

Hand Weapons
 a - a +0 war axe (weapon)
Armour
 b - a +0 scale mail (worn)
 c - a +0 buckler (worn)
Scrolls
 e - 3 scrolls of identify {unknown}
 h - a scroll of enchant weapon {unknown}
 i - 3 scrolls of teleportation {unknown}
 j - a scroll of fog {unknown}
 k - a scroll of vulnerability {unknown}
Potions
 d - a potion of might
 f - a potion of resistance {unknown}
 g - 3 potions of curing {unknown}
 l - a potion of degeneration {unknown}


   Skills:
 - Level 3.0 Fighting
 * Level 5.1 Axes
 - Level 3.2 Armour
 - Level 3.0 Shields


You had 3 spell levels left.
You didn't know any spells.
Your spell library contained the following spells:

 Spells                   Type           Power      Damage    Failure   Level
 Beastly Appendage        Tmut           0%         N/A       85%         1
 Necrotise                Necr           0%         1d4       85%         1
 Wereblood                Tmut           0%         N/A       94%         2
 Spider Form              Tmut/Pois      0%         N/A       99%         3
 Agony                    Necr           0%         N/A       100%        5
 Iron Shot                Conj/Erth      0%         9d1       100%        6


Dungeon Overview and Level Annotations

Branches:
Dungeon (3/15)

Altars:
Zin


Innate Abilities, Weirdness & Mutations

You have a beak for a mouth.
You have claws for feet.


Message History

Your life force feels restored.
Your Axes skill increases to level 5!
You struggle against the net.
The spectral hobgoblin hits you but does no damage.
You struggle against the net.
The spectral hobgoblin hits you but does no damage.
The gnoll hits you with a +0 club!
You struggle against the net.
The spectral hobgoblin closely misses you.
The gnoll hits you but does no damage.
You are held in a net!
Unknown command.
You are held in a net!
You struggle against the net.
The spectral hobgoblin hits you.
You feel drained. The gnoll hits you with a +0 club.
You rip the net and break free!
You block the spectral hobgoblin's attack.
The gnoll hits you with a +0 club.
The spectral hobgoblin attacks as you move away!
The spectral hobgoblin hits you but does no damage.
A kobold comes into view. It is wielding a +0 dagger of venom.
The kobold shouts!
The gnoll throws a throwing net.
The throwing net hits you.
You become entangled in the net!
The kobold moves out of view.
You see here a throwing net.
You struggle against the net.
The spectral hobgoblin barely misses you.
You tear a large gash into the net.
The spectral hobgoblin hits you.
* * * LOW HITPOINT WARNING * * *
You feel drained. The gnoll hits you with a +0 club.
* * * LOW HITPOINT WARNING * * *
You rip the net and break free!
You block the spectral hobgoblin's attack.
The kobold hits you but does no damage.
You are lethally poisoned!
The gnoll hits you with a +0 club.
* * * LOW HITPOINT WARNING * * *
Unknown command.
The gnoll attacks as you move away! The gnoll hits you with a +0 club.
You die...

... ##...## #.# #.## #+##
#.## #. #.# #... . # #.#
###. ~~ ##.## #. #~###
##...## #. #~~.~##.....#
#. #~~.K...## #.
#~~@##.############.
~~..~#Zg##..............
#~~~~~(..##.#############
#_.~..'~###)# ~~~..~'.#
#.# #~~~~.#.. ..#
#.~~~##~##..# ..##~
~~###.# 8~ ~~ ### #.#


You could see a spectral hobgoblin, a gnoll and a kobold.

Vanquished Creatures
  3 adders (D:2)
  2 gnolls (D:3)
  2 worms (D:2)
  3 ball pythons
  4 endoplasms
  A giant cockroach (D:1)
  7 goblins
  A hobgoblin (D:3)
  5 kobolds
  2 bats
  A frilled lizard (D:1)
  5 rats
36 creatures vanquished.

Notes
Turn   | Place    | Note
-------+----------+-------------------------------------------
     0 | D:1      | Kurtz the Tengu Fighter began the quest for the Orb.
     0 | D:1      | Reached XP level 1. HP: 14/14 MP: 2/2
    38 | D:1      | Got the Atlas of Oromancy and Maleficent Liturgies
    51 | D:1      | Reached XP level 2. HP: 16/19 MP: 3/3
    91 | D:1      | Reached skill level 3 in Axes
   641 | D:2      | Reached XP level 3. HP: 16/23 MP: 4/4
   644 | D:2      | Reached skill level 4 in Axes
   887 | D:2      | Found a glowing silver altar of Zin.
  1070 | D:2      | Reached XP level 4. HP: 28/28 MP: 5/5
  1424 | D:3      | Found a faded altar of an unknown god.
  1429 | D:3      | Reached skill level 5 in Axes
  1437 | D:3      | HP: 1/26 [gnoll/+0 club (1)]
  1438 | D:3      | Slain by a gnoll

Illustrated notes

Levels and vault maps discovered:
D:1:      eino_arrival_druids_welcome, layout_basic
D:2:      layout_loops_ring, basic_altar
D:3:      layout_loops_corners, dreamdust_ecumenical_altar_drowned_temple,
          uniq_crazy_yiuf_cottage

Skill      XL: |  1  2  3  4 |
---------------+-------------+-----
Axes           | 3 4 5 |  5.1
Fighting       | |  3.0
Armour         | |  3.2
Shields        | |  3.0

Action                     |  1- 3 |  4- 6 || total
---------------------------+-------+-------++-------
  Melee: War axe           |    52 |    14 ||    66
         Kick              |    12 |     3 ||    15
         Peck              |     5 |     2 ||     7
 Armour: Scale mail        |    19 |     6 ||    25
  Dodge: Dodged            |    21 |     6 ||    27
  Block: Buckler           |     7 |     5 ||    12
